 Dungeon Sprint DCSS version 0.32-a0-799-g95e1662365 (webtiles) character file.

Game seed: 3372861832319823597

352 rocky1 the Fighter (level 6, -1/46 HPs)
             Began as a Gargoyle Fighter on Mar 22, 2024.
             Was an Initiate of Gozag.
             Slain by a two-headed ogre
             ... wielding a +0 giant club
              (24 damage)
             ... in the Dungeon (Sprint IX: "|||||||||||||||||||||||||||||").
             The game lasted 00:02:20 (611 turns).

rocky1 the Fighter (Gargoyle Fighter)                Turns: 611, Time: 00:02:21

Health: -1/46      AC: 18    Str: 21    XL:     6   Next: 62%
Magic:  6/6        EV: 11    Int:  9    God:    Gozag
Gold:   0          SH:  5    Dex:  9    Spells: 5/5 levels left

rFire   . . .        n - +1 broad axe (freeze)
rCold   . . .        c - +0 buckler
rNeg    + . .        q - +1 chain mail
rPois   ∞            (no helmet)
rElec   +            (no cloak)
rCorr   .            r - +0 pair of gloves
SInv    .            s - +0 pair of boots
Will    .....        (no amulet) Stlth
                     o - +2 ring of evasion
HPRegen 0.27/turn    p - +2 ring of evasion
MPRegen 0.10/turn

%: no teleportation
@: gold aura, on berserk cooldown, slowed, invisible (expiring), very slow
A: sickness immunity, AC +4, negative energy resistance 1, electricity
resistance, torment resistance 1, petrification resistance
a: Renounce Religion, Potion Petition, Call Merchant, Bribe Branch


You were in the Dungeon.
You worshipped Gozag.
Gozag was noncommittal.
You visited 1 branch

Inventory:

Hand Weapons
 a - a +0 flail
 n - a +1 broad axe of freezing (weapon)
Armour
 c - a +0 buckler (worn)
 q - a +1 chain mail (worn)
 r - a +0 pair of gloves (worn)
 s - a +0 pair of boots (worn)
Jewellery
 o - a +2 ring of evasion (left hand)
 p - a +2 ring of evasion (right hand)
Wands
 m - a wand of light (9)
Scrolls
 j - 2 scrolls of blinking
 l - 2 scrolls of amnesia
Potions
 d - a potion of might
 e - 5 potions of curing
 f - 3 potions of heal wounds
 g - a potion of haste
 h - 4 potions of magic


   Skills:
 * Level 9.3 Fighting
 + Level 3.2(5.3) Axes
 + Level 7.2(7.6) Maces & Flails
 + Level 6.8 Armour
 + Level 6.8 Shields


You had 5 spell levels left.
You didn't know any spells.
Your spell library was empty.

Dungeon Overview and Level Annotations

Branches:
Dungeon (1/1)

Altars:
Cheibriados
Dithmenos
Elyvilon
Fedhas
Gozag
Hepliaklqana
Kikubaaqudgha
Makhleb
Nemelex Xobeh
Okawaru
Qazlal
Ru
Sif Muna
Trog
Uskayaw
Vehumet
Wu Jian
Xom
Yredelemnul
Zin
The Shining One
Beogh
Jiyva
Lugonu


Innate Abilities, Weirdness & Mutations

You are immune to sickness and miasma.
Your stone body is resilient. (AC +4)
You are immune to poison.
You resist negative energy. (rN+)
You are resistant to electric shocks. (rElec)
You are resistant to unholy torment.
You are immune to petrification.


Message History

You are no longer berserk.
You are exhausted.
You feel yourself slow down. You block the two-headed ogre's attack.
The two-headed ogre hits you with a +0 dire flail!
You slash the two-headed ogre! You freeze the two-headed ogre.
The two-headed ogre is heavily wounded.
You flicker for a moment.
The kobold brigand throws a poisoned dart.
The poisoned dart hits the howler monkey!
The howler monkey is poisoned.
The two-headed ogre barely misses you. The two-headed ogre closely misses you.
You hit the two-headed ogre but do no damage.
The two-headed ogre is heavily wounded.
The kobold brigand throws a poisoned dart.
The poisoned dart hits the howler monkey.
The howler monkey looks even sicker.
The two-headed ogre hits you with a +0 giant club.
The two-headed ogre hits you with a +0 dire flail!
Okay, then.
Blink to where?
Press: ? - help, Dir - move target
Okay, then.
Aiming: Bolt of Light
Press: ? - help, Shift-Dir - straight line, f - two-headed ogre
Aim: a two-headed ogre, wielding a +0 giant club and a +0 dire flail (heavily wounded, unable to see you, 86% to hit)
The bolt of light hits the two-headed ogre!!
The two-headed ogre is almost dead.
The two-headed ogre is blinded.
The bolt of light hits the howler monkey!!
The howler monkey is almost dead.
The howler monkey is blinded.
The bolt of light misses the kobold brigand.
The bolt of light hits the yak.
The yak is lightly wounded.
The yak is blinded.
The howler monkey hoots and howls with incredible vigour!
The two-headed ogre hits you with a +0 giant club!!
Ouch! That really hurt!
You die...
Your body crumbles into a pile of gold.

▓.▓
▓.▓
▓)▓
▓.▓
▓[▓
▓.▓
▓.▓
▓.▓
▓@▓
▓O▓
▓h▓
▓K▓
▓Y▓
▓.▓
▓.▓
▓.▓


You could see a two-headed ogre (blind, unable to see you), a yak (blind, unable
to see you), a kobold brigand (unable to see you) and a howler monkey (blind,
unable to see you, very poisoned, catching breath).

Vanquished Creatures
  A wyvern (D)
  A kobold brigand (D)
  A scorpion (D)
  A jelly (D)
  An iguana (D)
  An adder (D)
  An ufetubus (D)
  A dart slug (D)
  An endoplasm (D)
  2 quokkas (D)
  A ball python (D)
12 creatures vanquished.

Notes
Turn   | Place    | Note
-------+----------+-------------------------------------------
     0 | D        | rocky1 the Gargoyle Fighter began the quest for the Orb.
     0 | D        | Reached XP level 1. HP: 14/14 MP: 1/1
    14 | D        | Reached skill level 4 in Fighting
    22 | D        | Reached XP level 2. HP: 14/20 MP: 2/2
    50 | D        | Noticed a scorpion
    55 | D        | Reached skill level 5 in Fighting
    55 | D        | Reached XP level 3. HP: 16/26 MP: 3/3
    74 | D        | Killed a scorpion
    75 | D        | Reached skill level 6 in Fighting
    75 | D        | Reached skill level 5 in Maces & Flails
    75 | D        | Reached skill level 5 in Armour
    75 | D        | Reached skill level 5 in Shields
    75 | D        | Reached XP level 4. HP: 15/32 MP: 4/4
    83 | D        | Reached skill level 7 in Fighting
    83 | D        | Reached XP level 5. HP: 6/38 MP: 5/5
   516 | D        | Found a roughly hewn altar of Beogh.
   516 | D        | Found a snail-covered altar of Cheibriados.
   516 | D        | Found a shadowy altar of Dithmenos.
   516 | D        | Found a white marble altar of Elyvilon.
   516 | D        | Found a blossoming altar of Fedhas.
   516 | D        | Found an opulent altar of Gozag.
   517 | D        | Found a hazy altar of Hepliaklqana.
   518 | D        | Found a viscous altar of Jiyva.
   519 | D        | Found an ancient bone altar of Kikubaaqudgha.
   520 | D        | Found a corrupted altar of Lugonu.
   521 | D        | Found a burning altar of Makhleb.
   522 | D        | Found a sparkling altar of Nemelex Xobeh.
   523 | D        | Found an iron altar of Okawaru.
   524 | D        | Became a worshipper of Gozag Ym Sagoz the Greedy
   525 | D        | Found a stormy altar of Qazlal.
   526 | D        | Found a sacrificial altar of Ru.
   527 | D        | Found a shimmering blue altar of Sif Muna.
   528 | D        | Found a bloodstained altar of Trog.
   529 | D        | Found a hide-covered altar of Uskayaw.
   530 | D        | Found a radiant altar of Vehumet.
   531 | D        | Found an ornate altar of the Wu Jian Council.
   532 | D        | Found a shimmering altar of Xom.
   533 | D        | Found a basalt altar of Yredelemnul.
   534 | D        | Found a glowing silver altar of Zin.
   535 | D        | Found a glowing golden altar of the Shining One.
   595 | D        | Noticed a wyvern
   595 | D        | Noticed a kobold brigand
   595 | D        | Noticed a two-headed ogre
   595 | D        | Noticed a kobold brigand
   595 | D        | Noticed a yak
   602 | D        | Killed a wyvern
   603 | D        | Reached skill level 8 in Fighting
   603 | D        | Reached XP level 6. HP: 45/45 MP: 6/6
   608 | D        | Reached skill level 9 in Fighting
   611 | D        | Slain by a two-headed ogre

Illustrated notes

Levels and vault maps discovered:
D:        linesprint [early_d, line_temple, items_1, d_10, items_2, lair_1,
          lair_end, items_3, orc_1, orc_end, items_4, d_15, swamp_1, shoals_1,
          snake_1, spider_1, d_20, vaults_1, items_5, swamp_end, shoals_end,
          snake_end, spider_end, vaults_end, d_27, items_6, zot_1, zot_end,
          crypt_end, forest_end, elf_end, slime_end, tomb_end, abyss_end,
          pan_hell_end]

Skill      XL: |  1  2  3  4  5  6 |
---------------+-------------------+-----
Fighting       | 4 5 6 7 8 9 |  9.3
Maces & Flails | 4 5 6 7 |  7.2
Armour         | 4 5 6 |  6.8
Shields        | 4 5 6 |  6.8
Axes           | 2 3 |  3.2

Action                     |  1- 3 |  4- 6 || total
---------------------------+-------+-------++-------
  Melee: Flail             |    41 |    10 ||    51
         Broad axe         |       |    13 ||    13
  Evoke: Wand              |       |     1 ||     1
    Use: Potion            |       |     2 ||     2
   Stab: Invisible         |       |     1 ||     1
 Armour: Scale mail        |    31 |     7 ||    38
         Chain mail        |       |    10 ||    10
  Dodge: Dodged            |    16 |    18 ||    34
  Block: Buckler           |     6 |     6 ||    12

Table legend: (Time is in decaauts)
 A = Elapsed time spent in this place.
 B = Non-inter-level travel time spent in this place.
 C = Inter-level travel time spent in this place.
 D = Time resting spent in this place.
 E = Time spent auto-exploring this place.
 F = Levels seen in this place.
 G = Mean time per level.
                   A        B        C        D        E       F      G
               +--------+--------+--------+--------+--------+-----+--------+
         Total |    624 |    624 |      0 |    448 |      0 |   1 |  624.0 |
       Dungeon |    624 |    624 |      0 |    448 |      0 |   1 |  624.0 |
               +--------+--------+--------+--------+--------+-----+--------+

Top non-repeatable levels by time:
       D: 624 daAuts
